 Dungeon Crawl Stone Soup version 0.14-a0-736-g2a71271 (webtiles) character file.

1647 Malachi the Ruffian (level 8, -1/59 (61) HPs)
             Began as a Black Draconian Transmuter on Nov 7, 2013.
             Slain by Menkaure (12 damage)
             ... on Level 6 of the Dungeon.
             The game lasted 00:16:15 (7171 turns).

Malachi the Ruffian (Black Draconian Transmuter)    Turns: 7171, Time: 00:16:15

HP  -1/59 (61)   AC  6     Str 14      XL: 8   Next: 34%
MP  12/12        EV 14     Int 15      God:
Gold 315         SH  0     Dex 11      Spells:  3 memorised,  5 levels left

Res.Fire  : . . .   See Invis. : .     - Unarmed
Res.Cold  : . . .   Warding    : .   (armour unavailable)
Life Prot.: . . .   Conserve   : .   (no shield)
Res.Poison: .       Res.Corr.  : .   (helmet restricted)
Res.Elec. : +       Clarity    : .   (no cloak)
Sust.Abil.: + .     Spirit.Shd : .   (no gloves)
Res.Mut.  : .       Stasis     : .   (no boots)
Res.Rott. : .       Flight     : .   (no amulet)
Saprovore : . . .                    (no ring)
                                     o - ring of sustain abilities

@: short of breath, slightly resistant to hostile enchantments, unstealthy
A: breathe lightning, unfitting armour, electricity resistance, AC +6
a: Breathe Lightning


You were on level 6 of the Dungeon.
You were hungry.

You visited 1 branch of the dungeon, and saw 6 of its levels.

You collected 315 gold pieces.

Inventory:

Hand weapons
 h - a +0 blowgun
 m - a +0 blowgun
Missiles
 b - 32 arrows
 r - 26 poisoned needles
Armour
 q - a -1 buckler
Magical devices
 g - a wand of polymorph (5)
Comestibles
 a - 2 bread rations
 n - 3 meat rations
 x - 4 chunks of giant frog flesh
 z - a chunk of quokka flesh
Scrolls
 e - 7 scrolls of identify
 i - 2 scrolls of teleportation {unknown}
 j - a scroll of enchant weapon II {unknown}
 s - a scroll of amnesia
 t - a scroll of fear {unknown}
 u - a scroll of blinking
 v - a scroll of remove curse
Jewellery
 o - a ring of sustain abilities (left hand)
 w - an uncursed amulet of stasis {unknown}
Potions
 c - a potion of curing
 f - a potion of flight
 k - a potion of heal wounds
 A - a potion of porridge {unknown}
Books
 d - a book of Changes

   Spells                             Type                      Level
   *Beastly Appendage                 Transmutation                1
   *Sticks to Snakes                  Transmutation                2
   *Spider Form                       Transmutation/Poison         3
   Ice Form                           Ice/Transmutation            4
   Blade Hands                        Transmutation                5
 l - a book of Enchantments

   Spells                             Type                      Level
   Cause Fear                         Hexes                        4
   Silence                            Hexes/Air                    5
   Tukima's Dance                     Hexes                        5
   Deflect Missiles                   Charms/Air                   6
   Haste                              Charms                       6
   Discord                            Hexes                        8
 p - a book of Envenomations

   Spells                             Type                      Level
   *Spider Form                       Transmutation/Poison         3
   Poison Weapon                      Charms/Poison                3
   Summon Scorpions                   Summoning/Poison             4
   Olgreb's Toxic Radiance            Poison                       4
   Poisonous Cloud                    Conjuration/Poison/Air       6


   Skills:
 + Level 2.9 Fighting
 + Level 5.6 Dodging
 + Level 5.8 Unarmed Combat
 - Level 2.0 Spellcasting
 * Level 4.8 Transmutations
 * Level 3.8 Poison Magic


You had 5 spell levels left.
You knew the following spells:

 Your Spells              Type           Power        Failure   Level  Hunger
a - Beastly Appendage     Trmt           ###...       3%          1    #......
b - Sticks to Snakes      Trmt           ###.......   6%          2    ###....
c - Spider Form           Trmt/Pois      ##........   14%         3    ####...


Dungeon Overview and Level Annotations

Branches:
Dungeon (6/27)
 Temple: D:4-7          Orc: D:6-11

Altars:

Annotations:
D:6 Menkaure


Innate Abilities, Weirdness & Mutations

You can breathe wild blasts of lightning.*
Your glossy black scales are hard (AC +6).*
Your body does not fit into most forms of armour.
Your cold-blooded metabolism reacts poorly to cold.
You are resistant to electric shocks.*


Message History

You hit Menkaure. You tail-slap Menkaure.
Menkaure is lightly damaged.
Menkaure hits you!
* * * LOW HITPOINT WARNING * * *
Drink which item? (? for menu, Esc to quit)
You feel much better.
It was a potion of heal wounds.
You have got your breath back.
Menkaure barely misses you.
Menkaure calls on the powers of darkness!
Your body is wracked with pain!
Use which ability? (? or * to list)
You breathe a wild blast of lightning!
The orb of electricity explodes!
The orb of electricity engulfs you! You resist.
* * * LOW HITPOINT WARNING * * *
The orb of electricity engulfs Menkaure.
Menkaure is heavily damaged.
The zap hits Menkaure.
Menkaure is severely damaged.
You feel somewhat more hungry. Menkaure hits you!
You die...

###+### #.# ..... #.# ..... #.#
... .#.# ... #.#.# #.# #.#.# #.#
#.#.# ##.### #.#.###### ..#
#..@.# #.#.>..... ....# #..#M#
#.#...#### ....#
###########.######.#......# ....#
#.....M.Z...#..............
...%###.###########.####.#...####
....+............................
M...###.#...........######...####
....###Z#.########### #....#
..Z.....#.##### ##...#


You could see Menkaure.

Vanquished Creatures
  Grinder (D:3)
  Prince Ribbit (D:4)
  A necrophage (D:5)
  A black bear (D:6)
  A centaur (D:5)
  A giant frog (D:6)
  A wyvern skeleton (D:5)
  2 crimson imps (D:5)
  An orc priest (D:5)
  A jelly (D:5)
  A black bear skeleton (D:4)
  An orc wizard (D:5)
  A scorpion (D:4)
  4 worker ants
  An ogre skeleton (D:6)
  A hound skeleton (D:5)
  Terence (D:3)
  5 gnolls
  9 adders
  2 worms
  2 adder skeletons (D:5)
  4 giant geckos
  2 oozes (D:5)
  12 orcs
  3 ball pythons (D:2)
  11 bats
  A giant cockroach (D:3)
  11 goblins
  11 hobgoblins
  A quokka (D:6)
  12 giant newts
  A gnoll skeleton (D:4)
  11 kobolds
  15 rats
134 creatures vanquished.

Notes
Turn   | Place    | Note
--------------------------------------------------------------
     0 | D:1      | Malachi, the Draconian Transmuter, began the quest for the Orb.
     0 | D:1      | Reached XP level 1. HP: 16/16 MP: 1/1
    56 | D:1      | Reached XP level 2. HP: 5/23 MP: 0/3
   700 | D:1      | Reached XP level 3. HP: 24/28 MP: 2/4
   704 | D:1      | Learned a level 2 spell: Sticks to Snakes
   708 | D:1      | Learned a level 3 spell: Spider Form
  1565 | D:2      | Reached skill level 4 in Unarmed Combat
  1776 | D:3      | Reached XP level 4. HP: 18/35 MP: 4/6
  2022 | D:3      | Noticed Terence
  2035 | D:3      | Killed Terence
  2206 | D:3      | Noticed Grinder
  2217 | D:3      | Paralysed by Grinder for 6 turns
  2226 | D:3      | Killed Grinder
  2226 | D:3      | Reached skill level 1 in Poison Magic
  2226 | D:3      | Reached XP level 5. HP: 36/41 MP: 1/7
  2646 | D:3      | Reached XP level 6. HP: 45/48 MP: 1/9
  3829 | D:4      | Noticed Prince Ribbit
  3879 | D:5      | Entered Level 5 of the Dungeon
  4261 | D:5      | Noticed a necrophage
  4296 | D:5      | Killed a necrophage
  4296 | D:5      | Reached skill level 5 in Unarmed Combat
  4296 | D:5      | Your scales start taking on a glossy black colour.
  4296 | D:5      | Gained mutation: You are resistant to electric shocks. [draconian maturity]
  4296 | D:5      | Reached XP level 7. HP: 18/52 MP: 7/10
  6046 | D:4      | Killed Prince Ribbit
  6046 | D:4      | Reached skill level 5 in Dodging
  6046 | D:4      | Reached XP level 8. HP: 27/59 MP: 6/12
  7133 | D:6      | Noticed Menkaure
  7171 | D:6      | Slain by Menkaure

Action                   |  1- 3 |  4- 6 |  7- 9 || total
-------------------------+-------+-------+-------++-------
Melee: Unarmed           |   119 |   190 |   256 ||   565
 Fire: Blowgun           |       |     8 |       ||     8
 Cast: Beastly Appendage |    19 |    12 |     7 ||    38
       Sticks to Snakes  |       |     3 |       ||     3
       Spider Form       |       |     3 |     3 ||     6
 Abil: End Transformatio |       |     2 |     2 ||     4
       Breathe Lightning |       |       |    24 ||    24
Evoke: Wand              |       |       |     2 ||     2
  Use: Scroll            |       |     8 |       ||     8
       Potion            |       |     1 |     5 ||     6
